Map: King's Cove LE

Players

Cham

  • Race: Zerg Zerg
  • League: Master
  • Spawn Location: 11:00

TIME (Oliveira) - Winner!

  • Race: Terran Terran
  • Spawn Location: 5:00

Event: 2019 WCS Winter Americas

VOD

Have the link to the VOD?

Description

Time

  • Played on: March 23, 2019, 1:56 p.m.
  • Length: 15:39

All games in this series

Show
View Real Time Build Order
Export as new Build Order

Cham Zerg 

Build Orders: Hatch First 

Get SALT Encoding   

  12  0:01  Drone  
  13  0:10  Drone  
  14  0:18  Overlord  
  14  0:36  Drone x2  
  16  0:49  Hatchery  
  15  0:53  Drone  
  16  0:58  Drone  
  16  1:02  Drone  
  18  1:12  Extractor  
  18  1:15  Spawning Pool  
  16  1:19  Drone  
  16  1:22  Drone  
  18  1:31  Drone  
  19  1:41  Overlord  
  19  1:52  Drone  
  20  2:02  Queen  
  20  2:03  Queen, Zergling x4  
  26  2:11  Metabolic Boost  
  26  2:14  Drone  
  27  2:18  Drone  
  28  2:31  Drone  
  28  2:35  Overlord  
  28  2:36  Drone x2  
  31  2:42  Queen  
  33  2:49  Queen  
  35  2:53  Overlord  
  35  2:55  Drone x2  
  38  2:58  Drone  
  38  3:06  Overlord  
  38  3:07  Drone  
  39  3:14  Drone x3  
  42  3:24  Hatchery  
  41  3:29  Drone x4  
  41  3:33  Overlord  
  45  3:37  Drone  
  46  3:43  Queen  
  46  3:46  Overlord  
  48  3:49  Zergling x2  
  48  3:50  Zergling x4  
  48  3:52  Zergling x2  
  48  3:55  Zergling x2  
  53  3:58  Zergling x2  
  53  3:59  Overlord  
  53  4:02  Drone x2  
  56  4:04  Drone  
  57  4:10  Overlord  
  57  4:12  Drone  
  58  4:17  Drone x3  
  58  4:21  Drone  
  58  4:24  Queen  
  62  4:27  Drone  
  62  4:30  Overlord  
  65  4:32  Spore Crawler  
  65  4:33  Drone x2  
  65  4:34  Spore Crawler  
  65  4:43  Overlord  
  65  4:45  Zergling x6  
  68  4:50  Lair  
  69  4:52  Zergling x2  
  69  4:53  Zergling x2  
  69  4:54  Drone x2  
  67  5:04  Drone  
  67  5:06  Drone  
  66  5:11  Drone x5  
  66  5:14  Overlord  
  71  5:15  Overlord  
  71  5:16  Drone x2  
  71  5:17  Drone x2  
  75  5:22  Drone  
  75  5:24  Drone x2  
  75  5:28  Drone  
  79  5:29  Extractor  
  79  5:33  Extractor  
  79  5:34  Evolution Chamber x2, Extractor  
  79  5:35  Drone x2  
  76  5:36  Baneling Nest  
  75  5:46  Drone x2  
  75  5:47  Overlord  
  75  5:48  Drone x3  
  80  5:50  Overlord  
  80  5:53  Zergling x2  
  76  6:00  Drone  
  76  6:02  Overlord  
  76  6:03  Drone x2  
  76  6:04  Drone x2  
  81  6:07  Overlord, Extractor  
  81  6:08  Zergling x2  
  81  6:13  Zerg Melee Weapons Level 1, Zerg Ground Armor Level 1  
  81  6:17  Drone  
  81  6:21  Zergling x2  
  81  6:22  Zergling x2  
  83  6:26  Zergling x4  
  83  6:27  Hatchery, Zergling x4  
  83  6:29  Overlord, Zergling x4  
  83  6:32  Centrifical Hooks  
  88  6:35  Overlord  
  88  6:39  Overlord, Zergling x4  
  90  6:47  Zergling x2  
  90  6:48  Spore Crawler, Zergling x10  
  95  6:55  Baneling x3  
  95  6:56  Baneling x3  
  95  6:58  Drone  
  95  7:00  Zergling x2  
  95  7:01  Zergling x12  
  103  7:07  Spore Crawler  
  103  7:08  Spore Crawler x2  
  101  7:09  Drone x3  
  101  7:13  Baneling x3  
  101  7:14  Zergling x4  
  104  7:16  Zergling x2  
  104  7:18  Overlord  
  104  7:20  Overlord, Overseer  
  104  7:21  Zergling x2  
  106  7:25  Drone  
  106  7:27  Infestation Pit  
  106  7:28  Zergling x4  
  108  7:35  Zergling x2  
  87  7:37  Zergling x8  
  87  7:39  Zergling x4  
  87  7:40  Zergling x2  
  87  7:41  Zergling x2  
  87  7:44  Baneling x4  
  88  7:49  Zergling x4  
  90  7:51  Zergling x4  
  90  7:57  Baneling x12  
  93  7:58  Zergling x6  
  93  7:59  Zergling x6  
  93  8:01  Zergling x2  
  98  8:08  Drone  
  98  8:10  Zergling x4  
  101  8:13  Zergling x2  
  101  8:15  Hatchery  
  101  8:17  Baneling x3  
  101  8:18  Baneling x2  
  101  8:20  Zergling x2  
  101  8:21  Zergling x2  
  103  8:28  Zergling x2  
  103  8:29  Drone x7  
  103  8:30  Overlord  
  111  8:42  Zerg Ground Armor Level 2, Zerg Melee Weapons Level 2  
  111  8:44  Hive  
  111  8:45  Burrow  
  112  8:48  Drone x3  
  112  8:51  Drone x2  
  112  8:52  Drone  
  116  8:58  Zergling x4  
  116  9:00  Zergling x4  
  116  9:01  Zergling x4  
  122  9:03  Overlord, Zergling x2  
  122  9:06  Zergling x4  
  122  9:07  Zergling x2  
  126  9:11  Baneling x2  
  126  9:12  Baneling, Zergling x2  
  126  9:16  Zergling x2  
  128  9:17  Zergling x2  
  128  9:19  Overlord  
  128  9:21  Zergling x2  
  128  9:24  Overlord  
  128  9:27  Zergling x2  
  128  9:28  Zergling x2  
  128  9:30  Zergling x4  
  132  9:34  Zergling x2  
  132  9:35  Zergling x2  
  132  9:36  Zergling x4  
  136  9:38  Zergling x2  
  136  9:39  Zergling x4  
  136  9:40  Hatchery  
  136  9:43  Zergling x2  
  136  9:44  Zergling x6  
  142  9:45  Zergling x2  
  142  9:48  Baneling x2  
  142  9:49  Baneling x3, Zergling x2  
  142  9:51  Zergling x4  
  146  9:56  Zergling x2  
  146  9:57  Baneling x3  
  146  9:58  Baneling  
  145  10:01  Zergling x6  
  145  10:04  Zergling x2  
  145  10:06  Zergling x6  
  151  10:08  Zergling x2  
  99  10:21  Zergling x20  
  99  10:22  Baneling x2, Zergling x2  
  99  10:23  Baneling x2  
  107  10:29  Zergling x10  
  107  10:31  Adrenal Glands  
  107  10:34  Hatchery  
  105  10:37  Baneling x4, Zergling x2  
  105  10:38  Zergling x12  
  110  10:46  Ultralisk Cavern, Zergling x6  
  110  10:47  Baneling x6  
  110  10:48  Zergling x2  
  111  10:53  Zergling x4  
  111  10:55  Baneling x4  
  111  10:56  Zergling x4  
  115  10:57  Baneling x8  
  115  10:59  Zergling x2  
  115  11:01  Zergling x4  
  115  11:02  Zergling x8  
  122  11:05  Zergling x4  
  122  11:06  Viper x2  
  122  11:07  Viper  
  122  11:09  Zergling x4  
  135  11:11  Overseer  
  135  11:16  Zergling x2  
  135  11:17  Zergling x4  
  123  11:21  Baneling x4  
  123  11:22  Zergling x4  
  121  11:30  Zergling x16  
  119  11:38  Chitinous Plating  
  119  11:45  Zerg Ground Armor Level 3  
  119  11:50  Extractor  
  119  11:51  Extractor  
  119  11:52  Drone x3  
  119  11:53  Zergling x10  
  119  11:54  Zergling x4, Drone x3  
  127  11:55  Zergling x2  
  127  11:56  Baneling x8  
  127  11:57  Zergling x2  
  127  12:00  Zergling x2, Overseer  
  127  12:01  Zergling x4  
  135  12:15  Baneling x3  
  129  12:17  Baneling  
  129  12:18  Baneling x2  
  129  12:19  Zergling x28  
  129  12:20  Zergling x4  
  129  12:21  Baneling x2  
  129  12:22  Baneling x2  
  143  12:23  Zergling x4  
  143  12:27  Zerg Melee Weapons Level 3  
  143  12:28  Zergling x4  
  146  12:36  Ultralisk  
  152  12:43  Baneling x2  
  152  12:44  Overlord  
  152  12:45  Drone x4  
  152  12:48  Ultralisk  
  162  12:54  Drone  
  162  12:56  Drone x2  
  162  12:57  Anabolic Synthesis, Drone  
  162  12:58  Drone x2  
  168  13:04  Baneling x4  
  168  13:05  Baneling x2  
  168  13:14  Hatchery  
  168  13:17  Ultralisk x2  
  167  13:27  Zergling x22  
  169  13:39  Ultralisk x2  
  169  13:40  Zergling x2  
  156  13:43  Baneling  
  156  13:44  Baneling x3  
  156  13:46  Zergling x2  
  157  13:51  Baneling  
  157  13:52  Baneling x2, Zergling x12  
  157  13:53  Zergling x6  
  157  13:55  Zergling x4  
  157  14:02  Baneling x2  
  143  14:03  Baneling x7, Zergling x2  
  143  14:04  Zergling x10  
  143  14:06  Baneling x2  
  145  14:15  Zergling x22  
  130  14:27  Overseer  
  130  14:28  Zergling x2  
  130  14:30  Ultralisk x2  
  124  14:32  Zergling x8  
  118  14:42  Ultralisk, Zergling x2  
  118  14:44  Zergling x10  
  123  14:45  Zergling x4  
  123  14:48  Baneling x5  
  123  14:49  Zergling x4  
  123  14:51  Drone x2  
  127  14:54  Baneling x2  
  127  14:55  Baneling, Zergling x4  
  127  14:59  Zergling x8  
Show
View Real Time Build Order
Export as new Build Order

TIME Terran - Winner!

Build Orders: Liberator Opening, Reaper Expand 

Get SALT Encoding   

  12  0:00  SCV  
  13  0:13  SCV  
  14  0:18  Supply Depot  
  14  0:25  SCV  
  15  0:40  SCV  
  15  0:41  Barracks  
  16  0:47  Refinery  
  16  0:52  SCV  
  17  1:04  SCV  
  18  1:16  SCV  
  19  1:30  Reaper, Orbital Command  
  20  1:43  Command Center  
  20  1:54  Supply Depot  
  20  1:56  SCV  
  21  2:02  Marine  
  21  2:08  SCV  
  23  2:11  Factory  
  23  2:16  Refinery  
  23  2:20  SCV  
  24  2:24  Barracks Reactor  
  24  2:32  SCV  
  25  2:44  SCV  
  26  2:56  SCV  
  26  2:57  Starport  
  26  2:58  Orbital Command  
  31  3:05  Hellion  
  31  3:06  Hellion  
  31  3:08  SCV  
  31  3:11  Barracks Tech Lab  
  32  3:17  Liberator  
  32  3:19  Supply Depot  
  32  3:23  SCV  
  32  3:24  SCV  
  34  3:29  Hellion x2  
  38  3:37  SCV  
  38  3:41  SCV  
  43  3:44  Supply Depot  
  43  3:47  Marine  
  44  3:51  SCV  
  44  3:53  SCV, Hellion  
  48  3:56  Hellion  
  48  4:00  Liberator  
  48  4:01  Stimpack  
  50  4:03  SCV  
  50  4:05  SCV  
  52  4:16  SCV  
  52  4:17  Hellion  
  55  4:20  Hellion  
  60  4:24  Supply Depot  
  60  4:25  SCV  
  60  4:28  SCV  
  62  4:46  SCV, Marine  
  64  4:53  Factory Tech Lab, Barracks  
  64  4:54  Barracks  
  64  4:55  Command Center  
  64  4:56  SCV  
  64  4:59  SCV  
  66  5:03  Marine  
  66  5:04  Starport Reactor  
  63  5:10  SCV  
  63  5:12  Engineering Bay, Refinery  
  63  5:13  Engineering Bay, Refinery  
  62  5:18  Supply Depot  
  62  5:21  Marine  
  62  5:22  Siege Tank  
  62  5:23  SCV  
  62  5:24  SCV  
  68  5:35  SCV  
  69  5:39  Marine  
  69  5:40  Marine x2  
  72  5:43  SCV  
  70  5:51  Starport Reactor, Marine x2  
  70  5:52  Terran Infantry Weapons Level 1, Terran Infantry Armor Level 1  
  70  5:53  SCV  
  70  5:54  Siege Tank  
  70  5:55  SCV  
  77  5:57  Marine  
  77  6:01  Marine x2  
  77  6:04  Supply Depot  
  77  6:05  SCV  
  77  6:06  Combat Shield  
  77  6:08  SCV  
  77  6:09  Marine  
  77  6:10  Orbital Command  
  80  6:13  Marine  
  80  6:16  Marine  
  80  6:18  SCV  
  83  6:20  SCV  
  83  6:22  Marine  
  83  6:23  Marine  
  86  6:27  Supply Depot  
  86  6:29  Medivac x2  
  86  6:30  Siege Tank  
  86  6:31  Marine  
  86  6:32  Marine  
  94  6:34  SCV  
  94  6:36  SCV x2  
  97  6:41  Marine  
  97  6:42  Supply Depot  
  97  6:46  Marine  
  97  6:47  SCV  
  100  6:48  SCV x2, Marine  
  100  6:54  Supply Depot  
  103  6:55  Marine x2  
  103  6:59  SCV  
  103  7:00  SCV  
  107  7:01  Medivac  
  107  7:03  Medivac  
  107  7:04  Marine  
  107  7:07  SCV, Supply Depot  
  113  7:09  Armory  
  113  7:10  Marine  
  113  7:11  SCV  
  113  7:14  Marine  
  119  7:15  Siege Tank  
  119  7:19  SCV, Supply Depot  
  119  7:22  SCV  
  121  7:24  Barracks  
  121  7:25  Barracks  
  101  7:38  Marine  
  101  7:40  Marine x2  
  101  7:43  Marine  
  98  7:44  Medivac  
  98  7:45  SCV x2, Medivac  
  98  7:48  Command Center, Refinery x2  
  104  7:53  Marine  
  104  7:55  Siege Tank  
  104  7:56  Marine  
  104  7:58  Terran Infantry Weapons Level 2  
  109  7:59  Marine x2  
  109  8:03  SCV  
  109  8:04  SCV  
  113  8:05  SCV  
  113  8:07  Factory  
  113  8:08  Marine  
  113  8:11  Marine  
  116  8:13  Marine  
  116  8:15  SCV  
  116  8:16  Barracks Reactor x2  
  116  8:18  Terran Vehicle And Ship Armor Level 1  
  118  8:20  Marine x2  
  118  8:21  Supply Depot  
  118  8:26  Marine  
  121  8:27  Siege Tank  
  121  8:29  Drilling Claws, Marine  
  121  8:31  Marine  
  121  8:32  Supply Depot  
  126  8:38  Marine x2  
  129  8:41  SCV  
  129  8:44  Marine  
  130  8:50  SCV  
  130  8:51  Factory Reactor  
  130  8:53  Barracks, Marine  
  130  8:54  Liberator x2, Barracks  
  130  8:55  Barracks  
  132  8:56  Marine x3  
  132  8:57  Marine x3  
  132  8:59  SCV  
  139  9:04  Marine  
  139  9:05  SCV  
  139  9:07  Marine  
  139  9:08  Siege Tank  
  144  9:11  Sensor Tower, Marine  
  144  9:13  Marine  
  144  9:14  Marine x2  
  154  9:17  Terran Infantry Armor Level 2  
  154  9:20  Marine x2  
  154  9:22  SCV x2  
  154  9:23  SCV  
  152  9:27  Planetary Fortress  
  152  9:28  Marine x2  
  152  9:30  Marine  
  154  9:33  Marine, Widow Mine x2  
  154  9:36  Marine x2  
  154  9:38  Supply Depot  
  161  9:39  Marine x2  
  161  9:41  Barracks Tech Lab x2  
  161  9:44  Barracks Tech Lab  
  163  9:51  Supply Depot x2  
  163  9:58  Marine x2  
  165  10:04  Marine x2  
  165  10:05  Marine x3  
  165  10:06  Marauder  
  153  10:16  Marauder, Marine x4  
  153  10:17  Marauder  
  153  10:21  Marine x2, Widow Mine x2  
  145  10:22  Liberator  
  145  10:23  Liberator, Marine x2  
  145  10:24  Terran Infantry Weapons Level 3  
  145  10:27  Marauder  
  151  10:35  Marine x3  
  154  10:36  Marauder  
  154  10:37  Command Center  
  154  10:38  Marauder  
  154  10:42  Marine x2  
  165  10:43  Marauder  
  165  10:45  Marine x2  
  165  10:46  Marine  
  165  10:49  Marauder, Widow Mine x2  
  173  10:54  Marine x2  
  177  10:57  Marauder  
  177  11:00  Marine  
  177  11:01  Marauder, Marine  
  177  11:03  Terran Vehicle And Ship Armor Level 2  
  178  11:04  Marine x2  
  178  11:05  Marauder  
  178  11:06  Marine x2  
  178  11:10  Marauder  
  186  11:16  Marine  
  186  11:17  Marine  
  170  11:18  Marauder, Widow Mine x2  
  170  11:22  Medivac, Marine x2  
  170  11:23  Marauder  
  171  11:30  Marine  
  171  11:31  Marauder, Marine x3  
  171  11:32  Marauder  
  156  11:34  Marine  
  156  11:35  Fusion Core, Starport x2, Refinery x2  
  156  11:37  Marine  
  160  11:40  Marauder, Marine  
  160  11:43  Marine  
  160  11:44  Marauder  
  164  11:51  Marine x3  
  164  11:53  Marauder x2  
  171  11:55  Widow Mine x2  
  171  11:59  Marine x3  
  171  12:00  Marine  
  181  12:01  Marauder  
  181  12:04  Terran Infantry Armor Level 3  
  181  12:06  Marauder  
  183  12:08  Marine  
  183  12:09  Marine  
  183  12:14  Marauder  
  183  12:15  Marine, Widow Mine  
  184  12:16  Marauder, Widow Mine  
  184  12:21  Starport Reactor  
  184  12:22  Starport Tech Lab  
  186  12:23  Marine  
  186  12:29  Planetary Fortress  
  184  12:34  Marine x2  
  184  12:35  Marauder, Marine  
  189  12:37  Widow Mine x2  
  189  12:41  Concussive Shells  
  193  12:47  Marauder, Marine x2  
  197  12:53  Marauder, Marine  
  200  13:01  Command Center  
  200  13:04  Sensor Tower  
  200  13:17  Advanced Ballistics  
  200  13:24  Marine x2  
  200  13:25  Marauder x2, Marine  
  197  13:27  Widow Mine  
  197  13:28  Liberator x2, Marine  
  197  13:29  Marauder, Liberator x2  
  197  13:33  Liberator  
  194  13:37  Widow Mine  
  194  13:39  Marine x2, Widow Mine  
  194  13:40  Marauder  
  172  13:44  Marine x2  
  172  13:46  Marauder  
  188  13:48  Widow Mine  
  188  13:53  Marine x3  
  188  13:54  Marauder  
  194  13:56  Marauder, Marine  
  194  13:57  Marine  
  192  14:03  Marauder, Marine x2  
  192  14:06  Widow Mine x2  
  186  14:11  Liberator x4  
  186  14:16  Liberator  
  177  14:17  Marine  
  177  14:18  Marauder  
  177  14:24  Marine x2  
  169  14:40  Marauder, Marine  
  169  14:43  Widow Mine x3  
  166  14:48  SCV x3  
  166  14:51  Marine x2  
  166  14:52  Marauder  
  163  14:58  Marauder x2, Marine x2  
  168  15:05  Widow Mine x2  
Tags
 
Add a new tag
Caveats
  • Supply blocks, unpowered buildings, or Contaminate may cause inaccurate times.
  • Supply counts are checked every 10 seconds.